 Dungeon Crawl Stone Soup version 0.30-a0-304-gdc4b735fe1 (webtiles) character file.

Game seed: 15977377139502923366

43677 LnG the Unseen (level 14, -3/84 HPs)
             Began as a Kobold Summoner on Oct 20, 2022.
             Was an Elder of Dithmenos.
             Slain by an eight-headed hydra (8 damage)
             ... on level 14 of the Dungeon.
             The game lasted 01:13:57 (17637 turns).

LnG the Unseen (Kobold Summoner)                   Turns: 17637, Time: 01:13:57

Health: -3/84      AC: 14    Str:  7    XL:     14   Next: 61%
Magic:  14/27      EV: 22    Int: 20    God:    Dithmenos [****..]
Gold:   141        SH:  0    Dex: 15    Spells: 13/31 levels left

rFire   + . .      SeeInvis .    k - +2 dagger (venom)
rCold   . . .      Faith    .    (no shield)
rNeg    . . .      Spirit   .    A - +2 robe {Will+}
rPois   .          Reflect  .    h - +2 helmet
rElec   +          Harm     .    m - +2 cloak
rCorr   +          Rampage  +    F - +1 pair of gloves
Will    +++..                    P - +1 pair of boots {rampage} Stlth **++++++++
                                 E - amulet "Izama" {rElec Will+ Regen+ rCorr}
HPRegen 1.14/turn                Q - ring of flight
MPRegen 0.20/turn                M - ring of protection from fire

@: flying, wreathed by umbra
A: small, no large weapons, nightstalker 3
a: Renounce Religion, Shadow Step


You were on level 14 of the Dungeon.
You worshipped Dithmenos.
Dithmenos was greatly pleased with you.
You visited 2 branches of the dungeon, and saw 15 of its levels.

You collected 794 gold pieces.
You spent 653 gold pieces at shops.

Inventory:

Hand Weapons
 k - a +2 dagger of venom (weapon)
 H - a +4 dagger
 I - the +5 whip of Vanity {vorpal, rF+ rCorr}
   (You took it off an orc wizard on level 9 of the Dungeon)

   It inflicts extra damage upon your enemies.
   rF:        It protects you from fire.
   rCorr:     It protects you from acid and corrosion.
Armour
 h - a +2 helmet (worn)
 l - a scarf of invisibility
 m - a +2 cloak (worn)
 A - a +2 robe of willpower (worn)
 F - a +1 pair of gloves (worn)
 P - a +1 pair of boots of rampaging (worn)
Jewellery
 n - a ring of protection from cold
 x - an amulet of reflection
 E - the amulet "Izama" (around neck) {rElec Will+ Regen+ rCorr}
   (You found it on level 7 of the Dungeon)

   [amulet of regeneration]

   rElec:     It insulates you from electricity.
   Regen:     It increases your rate of health regeneration.
   rCorr:     It protects you from acid and corrosion.
   Will:      It increases your willpower.
 M - a ring of protection from fire (right hand)
 Q - a ring of flight (left hand)
Wands
 t - a wand of acid (13)
 w - a wand of flame (9)
 B - a wand of digging (12)
 C - a wand of mindburst (9)
 J - a wand of charming (11)
Scrolls
 a - 2 scrolls of butterflies
 c - 6 scrolls of teleportation
 g - a scroll of summoning
 o - 4 scrolls of vulnerability
 s - 3 scrolls of poison
 u - 4 scrolls of immolation
 v - a scroll of identify
 y - 6 scrolls of amnesia
 z - 2 scrolls of fear
 L - 2 scrolls of magic mapping
Potions
 b - 2 potions of magic
 d - a potion of haste
 e - 5 potions of flight
 f - 5 potions of curing
 i - 3 potions of lignification
 j - 3 potions of heal wounds
 p - 3 potions of mutation
 q - 4 potions of invisibility
 r - 5 potions of brilliance
 D - a potion of might {unknown}
 G - a potion of cancellation
 O - 3 potions of ambrosia
Miscellaneous
 K - a phantom mirror


   Skills:
 + Level 8.7 Fighting
 + Level 11.7 Short Blades
 + Level 13.6 Dodging
 + Level 17.6 Stealth
 + Level 9.1 Spellcasting
 + Level 9.2 Summonings
 + Level 1.0 Air Magic
 + Level 0.2 Evocations


You had 13 spell levels left.
You knew the following spells:

 Your Spells              Type           Power      Damage    Failure   Level
a - Summon Small Mammal   Summ           100%       N/A       1%          1
b - Call Imp              Summ           46%        N/A       1%          2
c - Call Canine Familiar  Summ           46%        N/A       1%          3
d - Summon Guardian Gole  Hex/Summ       27%        N/A       3%          3
e - Summon Lightning Spi  Summ/Air       29%        N/A       9%          4
f - Summon Mana Viper     Hex/Summ       27%        N/A       30%         5

Your spell library contained the following spells:

 Spells                   Type           Power      Damage    Failure   Level
 Poisonous Vapours        Pois/Air       22%        N/A       10%         2
 Kindle Blastsparks       Fire/Tloc/Air  20%        2d11      21%         3
 Ignite Poison            Fire/Tmut/Pois 9%         N/A       22%         3
 Ozocubu's Armour         Ice            9%         N/A       22%         3
 Spider Form              Tmut/Pois      9%         N/A       22%         3
 Summon Cactus Giant      Summ           23%        N/A       26%         6
 Summon Forest            Summ/Tloc      13%        N/A       32%         5
 Cause Fear               Hex            4%         N/A       58%         4
 Fulminant Prism          Conj/Hex       4%         3d6       58%         4
 Freezing Cloud           Conj/Ice/Air   5%         6-21      88%         5
 Dragon Form              Tmut           4%         N/A       100%        7
 Ozocubu's Refrigeration  Ice            4%         4d8       100%        7
 Dragon's Call            Summ           23%        N/A       100%        9


Dungeon Overview and Level Annotations

Branches:
Dungeon (14/15)            Temple (1/1) D:4            Lair (0/5) D:8
    Orc (0/2) D:12         Vaults (0/5) D:13

Altars:
Ashenzari
Cheibriados
Dithmenos
Elyvilon
Fedhas
Gozag
Hepliaklqana
Kikubaaqudgha
Makhleb
Nemelex Xobeh
Okawaru
Qazlal
Ru
Sif Muna
Trog
Uskayaw
Vehumet
Wu Jian
Xom
Yredelemnul
Zin
The Shining One

Shops:
D:2 [   D:4 *   D:12 [[?([

Portals:
Trove: D:12 (give +2 storm dragon scales)


Innate Abilities, Weirdness & Mutations

You are small and have problems with some larger weapons.
You are completely attuned to the shadows.


Message History

The eight-headed hydra bites your lightning spire!
The eight-headed hydra bites your lightning spire.
The eight-headed hydra bites your lightning spire but does no damage. x2
The eight-headed hydra bites your lightning spire!
Your lightning spire is destroyed!
Your lightning spire disappears in a puff of smoke!
Casting: Summon Lightning Spire (dangerous; 9% risk of failure)
Confirm with . or Enter, or press ? or * to list all spells.
An electric hum fills the air.
Unknown command.
Casting: Summon Lightning Spire (dangerous; 9% risk of failure)
Confirm with . or Enter, or press ? or * to list all spells.
The eight-headed hydra misses you.
The eight-headed hydra completely misses you.
The eight-headed hydra bites you! The eight-headed hydra bites you.
The eight-headed hydra bites you!
The eight-headed hydra bites you but does no damage.
The eight-headed hydra completely misses you. x2
You hit the eight-headed hydra but do no damage.
The eight-headed hydra is lightly wounded.
Your shadow hits the eight-headed hydra with a dagger.
You hit the eight-headed hydra.
The eight-headed hydra is lightly wounded.
Your wolf bites the eight-headed hydra.
The eight-headed hydra barely misses you.
The eight-headed hydra completely misses you. x3
The eight-headed hydra misses you. The eight-headed hydra bites you!
The eight-headed hydra bites you but does no damage. x2
Your wolf bites the eight-headed hydra.
The eight-headed hydra barely misses you.
The eight-headed hydra bites you.
* * * LOW HITPOINT WARNING * * *
The eight-headed hydra completely misses you.
The eight-headed hydra bites you!
* * * LOW HITPOINT WARNING * * *
The eight-headed hydra completely misses you.
The eight-headed hydra bites you!
* * * LOW HITPOINT WARNING * * *
The eight-headed hydra bites you!
You die...

....#.........##.#
###....#########.#
####....# ## #.#
#.)..#....... #.#
#.#.......##.##.#
# #..#....#.....#
#.##.# ###)h# #.#
##..D.# >...8@##
.....## ....##
...# .#


You could see an eight-headed hydra (ally target), a friendly wolf (summoned)
and a friendly lightning spire (summoned).

Vanquished Creatures
  Gastronok (D:10)
  An ironbound preserver (D:13)
  Snorg (D:13)
  Josephine (D:13)
  Erolcha (D:13)
  2 hydras (D:13)
  A centaur warrior (D:13)
  2 boulder beetles
  4 two-headed ogres
  A tengu warrior (D:13)
  A wizard (D:14)
  2 deep elf pyromancers
  An ugly thing (D:11)
  2 manticores
  2 cyclopes
  5 molten gargoyles (D:14)
  A gargoyle (D:14)
  Maggie (D:8)
  A tengu conjurer (D:13)
  5 kobold demonologists (D:10)
  3 trolls
  A hornet (D:9)
  11 slime creatures (D:12)
  7 wraiths (D:13)
  Sigmund (D:3)
  2 shadows
  17 yaks
  2 wyverns
  A nameless horror (D:13)
  2 water elementals
  A basilisk (D:13)
  A steam dragon (D:7)
  6 vampire mosquitoes
  4 acid dragons
  3 water moccasins
  4 ice beasts
  6 orc warriors
  3 black bears
  2 centaurs
  A phantom (D:4)
  A kobold brigand (D:10)
  2 bullfrogs
  A gnoll sergeant (D:7)
  3 scorpions
  4 wights (D:6)
  4 killer bees (D:8)
  5 electric eels
  4 howler monkeys
  3 hounds
  2 gnoll boudas
  8 orc priests
  2 jellies
  15 orc wizards
  Terence (D:3)
  An iguana (D:6)
  Natasha (thrice) (D:3)
  Robin (D:3)
  13 gnolls
  10 adders
  A shadow imp (D:8)
  A white imp (D:7)
  2 ufetubi
  A worm (D:4)
  4 dart slugs
  43 orcs
  2 ball pythons (D:2)
  2 bats (D:2)
  3 endoplasms
  4 giant cockroaches
  18 goblins
  3 hobgoblins
  5 jackals
  A quokka (D:2)
  4 frilled lizards
  14 kobolds
  3 rats (D:3)
308 creatures vanquished.

Vanquished Creatures (collateral kills)
  A two-headed ogre (D:13)
  A gargoyle (D:13)
  An unseen horror (D:13)
  A queen bee (shapeshifter) (D:13)
  A slime creature (D:12)
  2 yaks (D:10)
  A wyvern (D:10)
  A vampire (D:13)
  A wight (D:6)
  An orc priest (D:9)
  4 gnolls
  7 orcs
  2 endoplasms
  A giant cockroach (D:1)
  3 goblins
  A hobgoblin (D:3)
  A frilled lizard (D:1)
  2 kobolds
  2 rats
34 creatures vanquished.

Vanquished Creatures (others)
  Ijyb (D:4)
  A goblin (D:4)
  2 plants (D:1)
4 creatures vanquished.

Grand Total: 346 creatures vanquished

Notes
Turn   | Place    | Note
-------+----------+-------------------------------------------
     0 | D:1      | LnG the Kobold Summoner began the quest for the Orb.
     0 | D:1      | Reached XP level 1. HP: 10/10 MP: 3/3
   312 | D:1      | Reached XP level 2. HP: 9/15 MP: 0/5
   464 | D:1      | Learned a level 2 spell: Call Imp
   585 | D:1      | Got Kinoadoh's Directory of Jinxing and Intoxication
   769 | D:1      | Reached XP level 3. HP: 19/19 MP: 6/6
   773 | D:1      | Learned a level 3 spell: Call Canine Familiar
  1372 | D:2      | Found Wilog's Armour Shoppe.
  1498 | D:2      | Reached skill level 1 in Short Blades
  1498 | D:2      | Reached skill level 3 in Stealth
  1498 | D:2      | Reached XP level 4. HP: 24/24 MP: 2/8
  1928 | D:2      | Found a burning altar of Makhleb.
  2253 | D:3      | Reached XP level 5. HP: 22/28 MP: 9/9
  2257 | D:3      | Learned a level 3 spell: Summon Guardian Golem
  2325 | D:3      | Noticed Sigmund
  2329 | D:3      | Killed Sigmund
  2330 | D:3      | Reached skill level 1 in Fighting
  2330 | D:3      | Reached skill level 4 in Stealth
  2330 | D:3      | Reached XP level 6. HP: 34/34 MP: 10/10
  2331 | D:3      | Identified the +1 chain mail of Plog {rF- rCorr Slay+4
                  | SInv}
  2385 | D:3      | Noticed Natasha
  2390 | D:3      | Killed Natasha
  2514 | D:3      | Noticed Terence
  2518 | D:3      | Killed Terence
  2531 | D:3      | Noticed Robin
  2542 | D:3      | Reached skill level 5 in Summonings
  2550 | D:3      | Killed Robin
  2551 | D:3      | Reached skill level 5 in Stealth
  3095 | D:3      | Noticed Natasha
  3106 | D:3      | Killed Natasha
  3107 | D:3      | Reached XP level 7. HP: 30/38 MP: 11/11
  3167 | D:3      | Noticed Natasha
  3176 | D:3      | Killed Natasha
  3563 | D:4      | Found Kufihy's General Store.
  3636 | D:4      | Found a staircase to the Ecumenical Temple.
  3661 | Temple   | Entered the Ecumenical Temple
  4205 | D:4      | Noticed Ijyb
  4220 | D:4      | Killed Ijyb
  4537 | D:4      | Reached skill level 5 in Short Blades
  4634 | D:2      | Bought a +2 robe of willpower for 194 gold pieces
  5301 | D:5      | Entered Level 5 of the Dungeon
  5316 | D:5      | Reached XP level 8. HP: 44/44 MP: 13/13
  5431 | D:5      | Reached skill level 5 in Dodging
  5431 | D:5      | Reached skill level 6 in Stealth
  6389 | D:5      | Found a blossoming altar of Fedhas.
  6398 | D:5      | Found a sacrificial altar of Ru.
  6848 | D:6      | Reached skill level 7 in Stealth
  7033 | D:6      | Reached XP level 9. HP: 32/49 MP: 9/15
  7097 | D:6      | Learned a level 4 spell: Summon Lightning Spire
  7185 | D:6      | Reached skill level 8 in Stealth
  7718 | D:6      | Noticed a two-headed ogre
  7723 | D:6      | Reached skill level 9 in Stealth
  8657 | D:7      | Found a bloodstained altar of Trog.
  8662 | D:7      | Found a radiant altar of Vehumet.
  8663 | D:7      | Found a shadowy altar of Dithmenos.
  8664 | D:7      | Found a white marble altar of Elyvilon.
  8669 | D:7      | Became a worshipper of Dithmenos the Shadowed
  8672 | D:7      | Found a sparkling altar of Nemelex Xobeh.
  8876 | D:7      | Reached skill level 10 in Stealth
  8890 | D:7      | Identified the amulet "Izama" {rElec Will+ Regen+ rCorr}
  9826 | D:8      | Reached XP level 10. HP: 56/56 MP: 16/16
  9994 | D:8      | Reached skill level 11 in Stealth
 10016 | D:8      | Found a staircase to the Lair.
 10044 | D:8      | Noticed Maggie
 10048 | D:8      | Killed Maggie
 10087 | D:8      | Reached * piety under Dithmenos
 10794 | D:9      | Reached skill level 12 in Stealth
 10811 | D:9      | Identified the +5 whip of Vanity {vorpal, rF+ rCorr}
 10948 | D:9      | Found a hazy altar of Hepliaklqana.
 11036 | D:9      | Found a snail-covered altar of Cheibriados.
 11136 | D:9      | Noticed a two-headed ogre
 11144 | D:9      | Killed a two-headed ogre
 11258 | D:9      | Identified the +5 scale mail of Jyzxist {Dex+7 Stlth+}
 11267 | D:9      | Reached skill level 5 in Fighting
 11267 | D:9      | Reached skill level 5 in Spellcasting
 11497 | D:9      | Reached XP level 11. HP: 63/63 MP: 18/18
 11958 | D:10     | Entered Level 10 of the Dungeon
 11969 | D:10     | Learned a level 5 spell: Summon Mana Viper
 12024 | D:10     | Reached skill level 13 in Stealth
 12155 | D:10     | Noticed Gastronok
 12172 | D:10     | Killed Gastronok
 12177 | D:10     | Reached ** piety under Dithmenos
 12222 | D:10     | Reached skill level 10 in Dodging
 12224 | D:10     | Reached skill level 14 in Stealth
 12801 | D:10     | Reached XP level 12. HP: 55/70 MP: 13/21
 13117 | D:6      | Killed a two-headed ogre
 13118 | D:6      | Reached skill level 10 in Short Blades
 13884 | D:12     | Found Wikhliju's Antique Weapon Emporium.
 14289 | D:12     | Reached *** piety under Dithmenos
 14403 | D:12     | Found a staircase to the Orcish Mines.
 14418 | D:12     | Reached skill level 15 in Stealth
 14518 | D:12     | Found Laujusar's Armour Emporium.
 14852 | D:12     | Found Iwkejugu's Antique Armour Emporium.
 14854 | D:12     | Noticed a boulder beetle
 14880 | D:12     | Killed a boulder beetle
 14941 | D:12     | Bought a pair of glowing boots for 210 gold pieces
 14962 | D:12     | Bought a creamy pearl robe for 159 gold pieces
 14962 | D:12     | Identified the +0 robe "Leroetof" {Stlth+} (You bought it
                  | in a shop on level 12 of the Dungeon)
 15005 | D:12     | Found Duonusum's Antique Armour Shop.
 15354 | D:12     | Found Rungig's Magic Scroll Emporium.
 15359 | D:12     | Bought a scroll of identify for 30 gold pieces
 15359 | D:12     | Bought a scroll of identify for 30 gold pieces
 15359 | D:12     | Bought a scroll of identify for 30 gold pieces
 15362 | D:12     | Reached skill level 16 in Stealth
 15362 | D:12     | Reached XP level 13. HP: 78/78 MP: 22/24
 15474 | D:12     | Found a portal to a secret trove of treasure.
 15703 | D:13     | Noticed Josephine
 15707 | D:13     | Killed Josephine
 15741 | D:13     | Noticed Snorg
 15745 | D:13     | Killed Snorg
 15746 | D:13     | Reached XP level 14. HP: 83/83 MP: 26/26
 15926 | D:13     | Reached **** piety under Dithmenos
 16051 | D:13     | Reached skill level 17 in Stealth
 16153 | D:13     | Found a gate to the Vaults.
 16153 | D:13     | Noticed an ironbound preserver
 16177 | D:13     | Killed an ironbound preserver
 16225 | D:13     | Reached skill level 1 in Air Magic
 16697 | D:13     | Noticed Erolcha
 17002 | D:13     | Killed Erolcha
 17637 | D:14     | Slain by an eight-headed hydra

Illustrated notes

Levels and vault maps discovered:
D:1:      wander_arrival_lonely_grave, layout_basic, serial_forest,
          infiniplex_forest_lined_4_way, infiniplex_forest_lined_ring,
          infiniplex_forest_straight_2, infiniplex_forest_clump_medium,
          infiniplex_forest_clump_long, infiniplex_forest_end_3,
          infiniplex_forest_lined_4_way
D:2:      layout_loops_ring, serial_shops, nicolae_shop_stone, basic_altar,
          st_stairs_9
D:3:      layout_loops_corners, minmay_misc_feat_columns,
          kennysheep_generic_room_2, uniq_robin, uniq_sigmund, uniq_natasha,
          uniq_terence
D:4:      kennysheep_goblin_castle, layout_rooms, minmay_temple_entry_statues,
          serial_shops, shop, st_stairs_4
D:5:      layout_layer_cave, mainiacjoe_overflow_swirl
D:6:      layout_layer_cave, lightli_corner_chamber
D:7:      kennysheep_big_flooded_room, layout_loops_corners,
          chequers_temple_overflow_minitemple
D:8:      layout_basic, lair_entry_dummy, uniq_maggie
D:9:      layout_irregular_city, lemuel_tele_altar, old_standard_altar,
          serial_glass, glass_columns_b, glass_columns_c, glass_columns_b,
          glass_columns_a, minmay_strange_pillars, due_unseen_surprise
D:10:     layout_cross, uniq_gastronok
D:11:     layout_cave_pools
D:12:     layout_loops_ring, erik_orc_2, nicolae_trove_entry_crystal,
          serial_shops, shop, shop, nicolae_shop_stone, nicolae_diamond_shop,
          kennysheep_little_box, hive_lemuel
D:13:     layout_basic, skrybe_vaults_entry_preservation, uniq_erolcha,
          uniq_snorg, uniq_josephine
D:14:     cheibrodos_statue_roulette, layout_basic, nrook_mini_backslash,
          kennysheep_island_fort
Temple:   dshaligram_water_room_temple

Skill      XL: |  1  2  3  4  5  6  7  8  9 10 11 12 13 14 |
---------------+-------------------------------------------+-----
Dodging        | 3 4 5 6 8 10 12 13 | 13.6
Short Blades   | 1 3 5 6 7 8 9 11 | 11.7
Stealth        | 3 4 5 7 10 12 14 16 17 | 17.6
Fighting       | 1 2 4 5 6 7 8 |  8.7
Spellcasting   | 3 4 5 6 7 8 9 |  9.1
Summonings     | 5 6 8 9 |  9.2
Air Magic      | 1 |  1.0
Evocations     | |  0.2

Action                   |  1- 3 |  4- 6 |  7- 9 | 10-12 | 13-15 || total
-------------------------+-------+-------+-------+-------+-------++-------
Melee: Dagger            |    63 |    81 |   359 |   916 |   280 ||  1699
       Unarmed           |     3 |       |       |       |       ||     3
       Punch             |     1 |       |     5 |    20 |     5 ||    31
 Cast: Summon Small Mamm |    12 |       |       |       |       ||    12
       Call Imp          |     2 |     1 |     4 |     5 |     1 ||    13
       Call Canine Famil |     2 |     4 |     9 |    27 |    15 ||    57
       Summon Guardian G |       |       |     1 |       |       ||     1
       Summon Lightning  |       |       |       |     3 |     5 ||     8
Evoke: Wand              |       |       |       |     2 |       ||     2
  Use: Scroll            |       |     4 |    12 |    13 |     3 ||    32
       Potion            |       |       |     2 |     2 |     1 ||     5
 Stab: Sleeping          |     6 |     7 |    32 |    40 |    30 ||   115
       Distracted        |       |       |     4 |     9 |     5 ||    18
Armor: Robe              |     9 |    20 |    63 |   175 |    51 ||   318
Dodge: Dodged            |    47 |    73 |   190 |   797 |   175 ||  1282

Table legend: (Time is in decaauts)
 A = Elapsed time spent in this place.
 B = Non-inter-level travel time spent in this place.
 C = Inter-level travel time spent in this place.
 D = Time resting spent in this place.
 E = Time spent auto-exploring this place.
 F = Levels seen in this place.
 G = Mean time per level.
                   A        B        C        D        E       F      G
               +--------+--------+--------+--------+--------+-----+--------+
         Total |  16981 |  15779 |   1202 |   1812 |   8232 |  15 | 1132.1 |
       Dungeon |  16709 |  15543 |   1166 |   1812 |   8026 |  14 | 1193.5 |
        Temple |    271 |    235 |     36 |      0 |    206 |   1 |  271.0 |
               +--------+--------+--------+--------+--------+-----+--------+

Top non-repeatable levels by time:
     D:6: 1843 daAuts
     D:3: 1711 daAuts
    D:12: 1692 daAuts
     D:5: 1466 daAuts
    D:13: 1459 daAuts
     D:7: 1332 daAuts
     D:9: 1331 daAuts
     D:4: 1258 daAuts
     D:1: 1142 daAuts
     D:2: 904 daAuts
     D:8: 821 daAuts
    D:11: 738 daAuts
    D:10: 735 daAuts
  Temple: 271 daAuts
    D:14: 271 daAuts
